cohdb
Replays
Latest Replays
All Replays
Popular Replays
Top Player Replays
Match Explorer
How It Works
Community
CoH3 Stats
Reddit
Sign in to upload your games and track your stats! →
Sign in with Steam
Match 42743466
Unlisted
Match 42743466
Overview
Messages
Build Orders
End
Panzergrenadier Squad
Selects Italian Infantry
Panzergrenadier Squad
Panzergrenadier Squad
Construct Light Support Kompanie
MG34 Team
2.5-tonne Medical Truck
Fire Support Elements
Selects Guastatori Squad
le.IG 18 Mechanized Group
Construct Panzerarmee Kommand
Pak 38 Anti-tank Gun Team
ttheadventure
Call Me ET
Elder-Gyattson
Moose
Evonick exe
The Kraken
0
0
Comments
sign in to comment!
No comments posted yet!